 Dungeon Crawl Stone Soup version bcrawl-1.12-10-g10a67aac0f (webtiles) character file.

Game seed: 14482034185081932580

21 MisterOstroum the Sneak (level 3, 25/28 HPs)
             Began as a Formicid Archaeologist on June 16, 2019.
             Quit the game on level 1 of the Dungeon.
             The game lasted 00:01:22 (759 turns).

MisterOstroum the Sneak (Formicid Archaeologist)     Turns: 759, Time: 00:01:22

Health: 25/28      AC: 10    Str: 16    XL:     3   Next: 2%
Magic:  3/3        EV: 10    Int: 13    God:
Gold:   25         SH:  0    Dex:  9    Spells: 2/2 levels left

rFire    . . .     SeeInvis +   g - +0 club
rCold    . . .     Gourm    .   (no shield)
rNeg     . . .     Faith    .   l - +0 scale mail
rPois    .         Spirit   .   (helmet unavailable)
rElec    .         Reflect  .   (no cloak)
rCorr    .         Harm     .   c - +1 pair of gloves
MR       .....                  b - +1 pair of boots
Stlth    +.........             (no amulet)
HPRegen  0.09/turn              (no ring)
MPRegen  0.08/turn              (no ring)

@: studying Armour
A: permanent stasis, dig shafts and tunnels, four strong arms, antennae 3
a: Dig, Shaft Self


You were on level 1 of the Dungeon.
You were not hungry.

You visited 1 branch of the dungeon, and saw 1 of its levels.

You collected 25 gold pieces.

Inventory:

Hand Weapons
 g - a +0 club (weapon)
 m - a +0 hunting sling
Missiles
 i - 329 stones (quivered)
Armour
 a - a +1 robe
 b - a +1 pair of boots (worn)
 c - a +1 pair of gloves (worn)
 l - a +0 scale mail (worn)
Scrolls
 k - a scroll of enchant armour {unknown}
Potions
 j - a potion of brilliance {unknown}
Books
 d - a manual of Armour
Miscellaneous
 f - an ancient crate
Comestibles
 e - 2 rations {!d}
 h - 3 chunks of flesh


   Skills:
 + Level 2.5 Fighting
 + Level 1.1 Maces & Flails
 - Level 2.6 Dodging
 - Level 4.0 Stealth


You had 2 spell levels left.
You didn't know any spells.
Your spell library was empty.

Dungeon Overview and Level Annotations

Branches:
Dungeon (1/12)

Altars:


Innate Abilities, Weirdness & Mutations

You cannot be hasted, slowed, berserked, paralysed or teleported.
You can dig through walls and to a lower floor.
Your four strong arms can wield two-handed weapons with a shield.
You have a pair of large antennae on your head. (SInv)


Message History

No target in view!
No target in view!
No target in view!
No target in view!
No target in view!
No target in view!
No target in view!
No target in view!
No target in view!
No target in view!
No target in view!
No target in view!
No target in view!
No target in view!
No target in view!
No target in view!
You butcher the goblin corpse.
h - 3 chunks of flesh You see here a goblin skeleton. x2
Found a scale mail.
A goblin comes into view.
A goblin is nearby!
The goblin shouts!
You hit the goblin.
The goblin is moderately wounded.
The goblin barely misses you. x2
You hit the goblin.
The goblin is heavily wounded.
The goblin hits you but does no damage.
You hit the goblin.
You kill the goblin!
Your Maces & Flails skill increases to level 1!
No target in view!
No target in view!
No target in view!
No target in view!
No target in view!
No target in view!
No target in view!
No target in view!
No target in view!
No target in view!
No target in view!
No target in view!
No target in view!
No target in view!
No target in view!
No target in view!
No target in view!
No target in view!
No target in view!
No target in view!
No target in view!
No target in view!
No target in view!
No target in view!
You see here a scale mail.
l - a scale mail You see here a +0 hunting sling.
m - a +0 hunting sling Wield which item (- for none, * to show all)? (? for menu, Esc to quit)
Okay, then.
Wear which item? (? for menu, Esc to quit)
You start removing your armour.
You continue taking off your +1 robe. x4
You finish taking off your +1 robe.
You start putting on your armour.
You continue putting on your scale mail. x5
You finish putting on your +0 scale mail.
A hobgoblin comes into view.
The hobgoblin shouts!
A hobgoblin is nearby!
A hobgoblin is nearby!
A hobgoblin is nearby!
A hobgoblin is nearby!
A kobold comes into view.
The kobold shouts!
You completely miss the hobgoblin.
The hobgoblin hits you but does no damage. x2
You hit the hobgoblin.
The hobgoblin is moderately wounded.
The hobgoblin hits you but does no damage.
You completely miss the hobgoblin.
The hobgoblin is moderately wounded.
The hobgoblin hits you but does no damage.
You hit the hobgoblin.
The hobgoblin is almost dead.
The hobgoblin closely misses you.
You hit the hobgoblin.
You kill the hobgoblin!
The kobold completely misses you.
You closely miss the kobold. The kobold barely misses you.
You miss the kobold. The kobold hits you.
You hit the kobold.
You kill the kobold!
You have reached level 3!
Your experience leads to an increase in your attributes!
Increase (S)trength, (I)ntelligence, or (D)exterity?
You feel stronger.
You have an epiphany!
The dusty tome is a manual of Armour!
Reading it may be key to unlocking the crate...
Are you sure you want to abandon this character and quit the game? (Confirm with "yes".)

#.# #.# ######### #.#
##........ #.#
########.......# ..#
#.....##..##.#.## ###
#.#.#...........#
#####.#...##..##.#..#
....รท.######..##.#..##.#
#####.# #.$..@......# #
##.# ########...##
##....# .# .......
....... .......# ..#.....
..##.#. .......


There were no monsters in sight!

Vanquished Creatures
  A leopard gecko (D:1)
  A giant cockroach (D:1)
  7 goblins (D:1)
  2 hobgoblins (D:1)
  A kobold (D:1)
  4 bats (D:1)
16 creatures vanquished.

Notes
Turn   | Place    | Note
-------+----------+-------------------------------------------
     0 | D:1      | MisterOstroum the Formicid Archaeologist began the quest
                  | for the Orb.
     0 | D:1      | Reached XP level 1. HP: 15/15 MP: 1/1
   170 | D:1      | Reached XP level 2. HP: 21/22 MP: 2/2
   725 | D:1      | Reached skill level 1 in Maces & Flails
   758 | D:1      | Reached XP level 3. HP: 25/28 MP: 3/3
   759 | D:1      | Quit the game

Skill      XL: |  1  2 |
---------------+-------+-----
Fighting       | 2 |  2.5
Maces & Flails | 1 |  1.1
Dodging        | |  2.6
Stealth        | |  4.0

Action                   || total
-------------------------++-------
Melee: Unarmed           ||    45
       Club              ||    63
 Stab: Sleeping          ||     1
Armor: Robe              ||    59
       Scale mail        ||     4
Dodge: Dodged            ||   115
